 Dungeon Crawl Stone Soup version 0.27-a0-1572-gacd6f1ce93 (webtiles) character file.

Game seed: 4846713803824364326

46 Conn the Firebug (level 3, -2/19 HPs)
             Began as a Deep Elf Fire Elementalist on July 17, 2021.
             Slain by an adder (5 damage)
             ... on level 2 of the Dungeon.
             The game lasted 00:03:12 (2050 turns).

Conn the Firebug (Deep Elf Fire Elementalist)       Turns: 2050, Time: 00:03:12

Health: -2/19      AC:  2    Str:  5    XL:     3   Next: 46%
Magic:  10/10      EV: 16    Int: 20    God:
Gold:   165        SH:  0    Dex: 15    Spells: 9/10 levels left

rFire    . . .     SeeInvis .   c - +0 dagger
rCold    . . .     Faith    .   (no shield)
rNeg     . . .     Spirit   .   a - +0 robe
rPois    .         Reflect  .   (no helmet)
rElec    .         Harm     .   (no cloak)
rCorr    .         Rampage  .   (no gloves)
Will     .....                  (no boots)
Stlth    ++........             (no amulet)
HPRegen  0.06/turn              l - +4 ring of evasion
MPRegen  0.12/turn              (no ring)

@: brilliant
A: no striking features
a: no special abilities


You were on level 2 of the Dungeon.
You visited 1 branch of the dungeon, and saw 2 of its levels.

You collected 165 gold pieces.

Inventory:

Hand Weapons
 c - a +0 dagger (weapon)
Armour
 a - a +0 robe (worn)
Jewellery
 l - a +4 ring of evasion (left hand)
Scrolls
 b - a scroll of fear {unknown}
 d - a scroll of noise {unknown}
 e - a scroll of brand weapon {unknown}
 g - a scroll of magic mapping {unknown}
 i - a scroll of identify {unknown}
Potions
 j - a potion of curing {unknown}


   Skills:
 + Level 2.5 Dodging
 + Level 2.8 Stealth
 + Level 4.0 Spellcasting
 + Level 1.6 Conjurations
 + Level 4.0 Fire Magic


You had 9 spell levels left.
You knew the following spells:

 Your Spells              Type           Power      Damage    Failure   Level
a - Foxfire               Conj/Fire      88%        2x1d8     4%          1

Your spell library contained the following spells:

 Spells                   Type           Power      Damage    Failure   Level
 Conjure Flame            Conj/Fire      22%        6-21      12%         3
 Inner Flame              Hex/Fire       18%        N/A       17%         3
 Sticky Flame             Conj/Fire      22%        2d4       38%         4
 Fireball                 Conj/Fire      11%        3d7       75%         5


Dungeon Overview and Level Annotations

Branches:
Dungeon (2/15)

Altars:
Sif Muna

Shops:
D:2 ?[=


Message History

Throw: 4 darts (poison)
Press: ? - help, Q - select action, (/) - cycle Shift-Dir - straight line, f/p - adder
Aim: an adder (heavily wounded, 38% to hit)
You throw a poisoned dart. The poisoned dart misses the adder.
You feel sick. The adder misses you.
Unknown command.
Throw: 3 darts (poison)
Press: ? - help, Q - select action, (/) - cycle Shift-Dir - straight line, f/p - adder
Aim: an adder (heavily wounded, 38% to hit)
You throw a poisoned dart.
The poisoned dart completely misses the adder.
You feel sick. The adder barely misses you. The adder closely misses you.
Throw: 2 darts (poison)
Press: ? - help, Q - select action, (/) - cycle Shift-Dir - straight line, f/p - adder
Aim: an adder (heavily wounded, 38% to hit)
You throw a poisoned dart.
The poisoned dart closely misses the adder.
The poisoned dart hits the worm.
The worm is poisoned.
The worm is moderately wounded.
You feel sick. The adder closely misses you.
Throw: dart (poison)
Press: ? - help, Q - select action, (/) - cycle Shift-Dir - straight line, f/p - adder
Aim: an adder (heavily wounded, 38% to hit)
You throw a poisoned dart.
The poisoned dart closely misses the adder.
The poisoned dart hits the worm.
The worm looks even sicker.
The worm is moderately wounded.
You feel sick. The adder closely misses you.
Unknown command.
Unknown command.
Unknown command.
Unknown command.
It was a potion of magic.
Magic courses through your body.
You feel sick. The adder misses you.
It was a potion of brilliance.
You feel clever all of a sudden.
You feel sick.
You are no longer poisoned.
The adder bites you.
You die...

#......# #######... #......# #.##
######'##.############## #.##
.......................#########.
.....⌠.⌠.........................
#####.∩.#......................#.
#⌠.⌠#.#############.######.#.
###...#############..#####.#.
###(....wS@..............#.
#......#########.########
######......#######....#
#...†............##....#
#......#####.w...##....# #.)....#
......##....# ########
.......##....# .._.....#####.#
#.......... #.#


You could see a worm (very poisoned) and an adder.

Vanquished Creatures
  A worm (D:2)
  2 dart slugs (D:1)
  5 endoplasms (D:1)
  3 giant cockroaches
  3 goblins
  2 hobgoblins
  2 jackals (D:1)
  A ball python (D:1)
  8 bats (D:1)
  3 kobolds
  6 rats
36 creatures vanquished.

Vanquished Creatures (others)
  138 foxfires
138 creatures vanquished.

Grand Total: 174 creatures vanquished

Notes
Turn   | Place    | Note
-------+----------+-------------------------------------------
     0 | D:1      | Conn the Deep Elf Fire Elementalist began the quest for the
                  | Orb.
     0 | D:1      | Reached XP level 1. HP: 10/10 MP: 6/6
   338 | D:1      | Reached XP level 2. HP: 15/15 MP: 2/8
   844 | D:1      | Reached XP level 3. HP: 18/19 MP: 6/10
  1483 | D:2      | Found Jomuptu's Jewellery Shop.
  1825 | D:2      | Found Mueceirch's Armour Shoppe.
  1919 | D:2      | Found Zajuroll's Magic Scroll Boutique.
  2034 | D:2      | Found a shimmering blue altar of Sif Muna.
  2050 | D:2      | Slain by an adder

Illustrated notes

Levels and vault maps discovered:
D:1:      nicolae_arrival_somewhat_less_tricky_arrival, layout_loops_ring,
          minmay_indecisive_spiral
D:2:      kennysheep_six_static_rooms, layout_basic, basic_altar, serial_shops,
          nicolae_square_shop, nicolae_square_shop, shop_fountains, shop,
          nicolae_shop_behind_doors

Skill      XL: |  1  2  3 |
---------------+----------+-----
Fire Magic     | 4 |  4.0
Spellcasting   | 4 |  4.0
Dodging        | |  2.5
Stealth        | |  2.8
Conjurations   | |  1.6

Action                   || total
-------------------------++-------
Melee: Dagger            ||     4
Throw: Dart              ||     5
 Cast: Foxfire           ||    80
  Use: Potion            ||     2
Armor: Robe              ||     6
Dodge: Dodged            ||    45

Table legend: (Time is in decaauts)
 A = Elapsed time spent in this place.
 B = Non-inter-level travel time spent in this place.
 C = Inter-level travel time spent in this place.
 D = Time resting spent in this place.
 E = Time spent auto-exploring this place.
 F = Levels seen in this place.
 G = Mean time per level.
                   A        B        C        D        E       F      G
               +--------+--------+--------+--------+--------+-----+--------+
         Total |   2048 |   2019 |     29 |      0 |   1641 |   2 | 1024.0 |
       Dungeon |   2048 |   2019 |     29 |      0 |   1641 |   2 | 1024.0 |
               +--------+--------+--------+--------+--------+-----+--------+

Top non-repeatable levels by time:
     D:1: 1482 daAuts
     D:2: 566 daAuts
